 Dungeon Crawl Stone Soup version 0.29-a0-551-gffc1d7fb78 (webtiles) character file.

Game seed: 17304384713241928801

1517 Sabo the Shooter (level 8, -2/61 HPs)
             Began as a Gnoll Wanderer on June 4, 2022.
             Was an Elder of Fedhas.
             Slain by kevlar127's ghost (25 damage)
             ... on level 6 of the Dungeon on June 5, 2022.
             The game lasted 00:51:45 (6953 turns).

Sabo the Shooter (Gnoll Wanderer)                   Turns: 6953, Time: 00:51:46

Health: -2/61      AC: 10    Str: 13    XL:     8   Next: 83%
Magic:  22/22      EV: 14    Int: 10    God:    Fedhas [****..]
Gold:   309        SH:  0    Dex: 14    Spells: 14/14 levels left

rFire   . . .      SeeInvis .   a - +4 shortbow (vorpal)
rCold   . . .      Faith    .   (shield currently unavailable)
rNeg    . . .      Spirit   .   y - +0 steam dragon scales
rPois   .          Reflect  .   (no helmet)
rElec   .          Harm     .   c - +1 cloak
rCorr   .          Rampage  .   E - +1 pair of gloves
Will    .....                   (no boots)
Stlth   ++........              (no amulet)
HPRegen 0.20/turn               s - ring of magical power
MPRegen 0.18/turn               (no ring)

@: no status effects
A: fangs 1, strong nose, distributed training
a: Renounce Religion, Wall of Briars, Grow Ballistomycete, Overgrow


You were on level 6 of the Dungeon.
You worshipped Fedhas.
Fedhas was greatly pleased with you.
You visited 1 branch of the dungeon, and saw 6 of its levels.
You also visited: Sewer.

You collected 309 gold pieces.

Inventory:

Hand Weapons
 a - a +4 vorpal shortbow (weapon)
 b - a +0 spear
 B - a +1 flail of holy wrath
 D - a +3 shortbow
Missiles
 t - 5 atropa-tipped darts
 v - 7 poisoned darts
Armour
 c - a +1 cloak (worn)
 y - +0 steam dragon scales (worn)
 E - a +1 pair of gloves (worn)
Jewellery
 s - a ring of magical power (left hand)
Wands
 k - a wand of iceblast (13)
 A - a wand of acid (12)
Scrolls
 d - 5 scrolls of blinking
 e - a scroll of fog
 j - a scroll of brand weapon
 n - 2 scrolls of poison
 u - 2 scrolls of teleportation
 w - 2 scrolls of identify
Potions
 g - a potion of haste
 h - 3 potions of invisibility
 i - 4 potions of curing
 l - 2 potions of brilliance {unknown}
 m - a potion of might {unknown}
 o - a potion of ambrosia {unknown}
 p - a potion of flight
 q - a potion of berserk rage
 r - a potion of degeneration {unknown}
 x - a potion of heal wounds
 z - 2 potions of mutation {unknown}
 C - a potion of lignification {unknown}


   Skills:
 + Level 4.5 Fighting
 + Level 3.6 Short Blades
 + Level 3.6 Long Blades
 + Level 3.6 Axes
 + Level 3.6 Maces & Flails
 + Level 4.5 Polearms
 + Level 3.6 Staves
 + Level 3.6 Slings
 + Level 7.5 Bows
 + Level 3.6 Crossbows
 + Level 3.6 Throwing
 + Level 4.5 Armour
 + Level 5.9 Dodging
 + Level 3.6 Stealth
 + Level 3.6 Shields
 + Level 3.6 Unarmed Combat
 + Level 3.6 Spellcasting
 + Level 3.0 Conjurations
 + Level 3.0 Hexes
 + Level 3.0 Summonings
 + Level 3.0 Necromancy
 + Level 3.0 Translocations
 + Level 3.0 Transmutations
 + Level 3.0 Fire Magic
 + Level 3.0 Ice Magic
 + Level 3.0 Air Magic
 + Level 3.0 Earth Magic
 + Level 3.0 Poison Magic
 + Level 6.1 Invocations
 + Level 3.6 Evocations


You had 14 spell levels left.
You didn't know any spells.
Your spell library contained the following spells:

 Spells                   Type           Power      Damage    Failure   Level
 Scorch                   Fire           14%        2d5       12%         2
 Dazzling Flash           Conj/Hex       14%        N/A       24%         3
 Flame Wave               Conj/Fire      7%         2d5       61%         4
 Agony                    Necr           7%         N/A       91%         5
 Silence                  Hex/Air        3%         N/A       91%         5
 Summon Cactus Giant      Summ           3%         N/A       100%        6


Dungeon Overview and Level Annotations

Branches:
Dungeon (6/15)             Temple (0/1) D:4           Sewer (visited)

Altars:
Fedhas
Kikubaaqudgha
Uskayaw
Zin

Shops:
D:1 :

Annotations:
D:6 delverdan's ghost, novice HOMo; kevlar127's ghost, novice TrBe; titanjones's ghost, novice FoMo


Innate Abilities, Weirdness & Mutations

You have very sharp teeth.
Your uncanny sense of smell can sniff out nearby items.
Your experience applies equally to all skills.


Message History

Found a ring mail, a plate armour and 25 gold pieces.
Delverdan's ghost hits something.
You see here a +1 pair of gloves.
E - a +1 pair of gloves Kevlar127's ghost screams in joy, "As in life, so in death: Kill!
Kill!!
Kill!!!"
You start removing your armour.
You continue taking off your +0 pair of gloves. x4
You finish taking off your +0 pair of gloves.
You start putting on your armour.
You continue putting on your +1 pair of gloves. x5
You finish putting on your +1 pair of gloves.
You drop a +0 pair of gloves.
Level annotation: 3 runed translucent doors, delverdan's ghost, novice HOMo; kevlar127's ghost, novice TrBe; titanjones's ghost, novice FoMo Welcome back, Sabo the Gnoll Wanderer.
Fedhas says: Spread life and death.
Press ? for a list of commands and other information.
You open the gate.
Delverdan's ghost attacks as you move away!
Delverdan's ghost barely misses you.
Kevlar127's ghost shrieks, "They lied to you.
The Dungeon just goes down and down forever."
Titanjones's ghost attacks as you move away!
Titanjones's ghost hits you.
Delverdan's ghost attacks as you move away!
Delverdan's ghost hits you.
Titanjones's ghost attacks as you move away!
Titanjones's ghost hits you.
Delverdan's ghost attacks as you move away!
Delverdan's ghost hits you but does no damage.
Titanjones's ghost attacks as you move away!
Titanjones's ghost barely misses you. Delverdan's ghost barely misses you.
Things that are here:
a +2 leather armour of fire resistance; a +0 club; an orc corpse Titanjones's ghost attacks as you move away!
Titanjones's ghost hits you! Kevlar127's ghost hits you!
Things that are here:
a +0 robe; a +0 dagger; an orc corpse Kevlar127's ghost attacks as you move away!
Kevlar127's ghost hits you!!
You die...
Fedhas appreciates your contribution to the ecosystem.

....######......# ###.## #..
..(##$P⌠.#......######....# #..
..##8....#..........##....## #..
..#[.....#.....<....##.....# #..
..#[.....'.......)..##.....# #..
..#8.....'..).......##.....# #..
..#$.....'..........##.....####..
..#......#.....WWW..##...........
..##8....#......@...##....#.###..
...##[P⌠P#..........###'###.# #..
....###########.....# #.# #.# #..
......#########.....# #.# #.# #..
......#.............# #.# #..##..
#######............## #.# ##.###.
....)..............# #.# #.# #.
#######.)..........# #.####..##.
#............# ##....##.##.


You could see delverdan's ghost, kevlar127's ghost and titanjones's ghost.

Vanquished Creatures
  A water moccasin (D:4)
  A sky beast (D:6)
  A black bear (D:5)
  An ogre (D:6)
  2 centaurs
  A phantom (D:4)
  3 scorpions
  3 hounds
  A jelly (D:4)
  3 orc priests
  Terence (D:2)
  Jessica (D:3)
  3 iguanas
  Natasha (thrice) (D:2)
  3 orc wizards
  10 adders
  4 river rats (Sewer)
  An ufetubus (D:4)
  2 worms (D:4)
  2 dart slugs (D:2)
  14 orcs
  8 ball pythons
  8 endoplasms
  3 giant cockroaches (D:3)
  7 goblins
  9 hobgoblins
  3 quokkas
  3 bats
  7 frilled lizards
  8 kobolds
  10 rats
127 creatures vanquished.

Vanquished Creatures (others)
  A withered plant (D:6)
1 creature vanquished.

Grand Total: 128 creatures vanquished

Notes
Turn   | Place    | Note
-------+----------+-------------------------------------------
     0 | D:1      | Sabo the Gnoll Wanderer began the quest for the Orb.
     0 | D:1      | Sabo set off with the following items: a +2 shortbow, a +0
                  | spear, a +0 cloak, a scroll of blinking, a +0 leather
                  | armour
     0 | D:1      | Reached XP level 1. HP: 17/17 MP: 3/3
   193 | D:1      | Found a faded altar of an unknown god.
   201 | D:1      | Prayed at the altar of an unknown god.
   201 | D:1      | Became a worshipper of Fedhas Madash
   201 | D:1      | Reached * piety under Fedhas
   312 | D:1      | Found Vixarr's Book Emporium.
   482 | D:1      | Reached XP level 2. HP: 23/23 MP: 5/5
   877 | D:2      | Found a hide-covered altar of Uskayaw.
   958 | D:2      | Reached XP level 3. HP: 28/28 MP: 6/6
  1099 | D:2      | Noticed Natasha
  1106 | D:2      | Killed Natasha
  1206 | D:2      | Noticed Terence
  1231 | D:2      | Killed Terence
  1232 | D:2      | Reached skill level 1 in Short Blades
  1232 | D:2      | Reached skill level 1 in Long Blades
  1232 | D:2      | Reached skill level 1 in Axes
  1232 | D:2      | Reached skill level 1 in Maces & Flails
  1232 | D:2      | Reached skill level 1 in Staves
  1232 | D:2      | Reached skill level 1 in Slings
  1232 | D:2      | Reached skill level 1 in Crossbows
  1232 | D:2      | Reached skill level 1 in Throwing
  1232 | D:2      | Reached skill level 1 in Stealth
  1232 | D:2      | Reached skill level 1 in Shields
  1232 | D:2      | Reached skill level 1 in Unarmed Combat
  1232 | D:2      | Reached skill level 1 in Spellcasting
  1232 | D:2      | Reached skill level 1 in Evocations
  1232 | D:2      | Reached XP level 4. HP: 5/34 MP: 7/7
  1701 | D:2      | Noticed Natasha
  1711 | D:2      | Killed Natasha
  1712 | D:2      | Reached skill level 1 in Conjurations
  1712 | D:2      | Reached skill level 1 in Hexes
  1712 | D:2      | Reached skill level 1 in Summonings
  1712 | D:2      | Reached skill level 1 in Necromancy
  1712 | D:2      | Reached skill level 1 in Translocations
  1712 | D:2      | Reached skill level 1 in Transmutations
  1712 | D:2      | Reached skill level 1 in Fire Magic
  1712 | D:2      | Reached skill level 1 in Ice Magic
  1712 | D:2      | Reached skill level 1 in Air Magic
  1712 | D:2      | Reached skill level 1 in Earth Magic
  1712 | D:2      | Reached skill level 1 in Poison Magic
  1975 | D:2      | Noticed Natasha
  2001 | D:2      | Killed Natasha
  2002 | D:2      | Reached XP level 5. HP: 39/40 MP: 8/8
  2141 | D:2      | Reached ** piety under Fedhas
  2234 | D:3      | Noticed Jessica
  2247 | D:3      | Killed Jessica
  2851 | D:3      | Reached skill level 5 in Invocations
  3190 | D:3      | Reached XP level 6. HP: 47/47 MP: 9/9
  3485 | D:4      | Noticed a water moccasin
  3497 | D:4      | Killed a water moccasin
  3498 | D:4      | Reached skill level 5 in Dodging
  3504 | D:4      | Reached XP level 7. HP: 25/52 MP: 10/10
  3513 | D:4      | Found a glowing silver altar of Zin.
  3613 | D:4      | Reached skill level 7 in Bows
  3818 | D:4      | Found a glowing drain.
  3831 | Sewer    | Entered a sewer
  3861 | Sewer    | Reached *** piety under Fedhas
  4424 | D:4      | Found an ancient bone altar of Kikubaaqudgha.
  4504 | D:4      | Found a staircase to the Ecumenical Temple.
  4784 | D:5      | Entered Level 5 of the Dungeon
  5172 | D:5      | Found a hide-covered altar of Uskayaw.
  5388 | D:5      | Reached XP level 8. HP: 45/60 MP: 12/12
  6504 | D:6      | Reached **** piety under Fedhas
  6885 | D:6      | Found a runed translucent gate.
  6885 | D:6      | Found a runed translucent gate.
  6885 | D:6      | Found a runed translucent gate.
  6894 | D:6      | Noticed delverdan's ghost (novice HOMo)
  6894 | D:6      | Noticed kevlar127's ghost (novice TrBe)
  6894 | D:6      | Noticed titanjones's ghost (novice FoMo)
  6932 | D:6      | Upgraded the game from 0.29-a0-542-g075992c915 to
                  | 0.29-a0-551-gffc1d7fb78
  6953 | D:6      | Slain by kevlar127's ghost

Illustrated notes

Levels and vault maps discovered:
D:1:      lightli_arrival_boilingwater, layout_basic, serial_shops, shop,
          shapermc_ecumenical_altar_acropolis
D:2:      layout_basic, basic_altar, uniq_natasha, uniq_terence
D:3:      layout_loops_ring, minmay_misc_feat_tower, kennysheep_jessica_study
D:4:      layout_rooms, general_overflow_altar,
          mainiacjoe_overflow_cross_hatched, minmay_temple_entry_poolview,
          cheibrodos_sewer_entry_bend, lightli_corner_chamber
D:5:      layout_loops_cross, mainiacjoe_overflow_paths
D:6:      layout_basic, gammafunk_ghost_cemetery, dreamdust_princess_bridge,
          kb_lookout_dungeons_type

Skill      XL: |  1  2  3  4  5  6  7  8 |
---------------+-------------------------+-----
Short Blades   | 1 2 3 |  3.6
Long Blades    | 1 2 3 |  3.6
Axes           | 1 2 3 |  3.6
Maces & Flails | 1 2 3 |  3.6
Staves         | 1 2 3 |  3.6
Slings         | 1 2 3 |  3.6
Crossbows      | 1 2 3 |  3.6
Throwing       | 1 2 3 |  3.6
Stealth        | 1 2 3 |  3.6
Shields        | 1 2 3 |  3.6
Unarmed Combat | 1 2 3 |  3.6
Spellcasting   | 1 2 3 |  3.6
Evocations     | 1 2 3 |  3.6
Conjurations   | 1 2 3 |  3.0
Hexes          | 1 2 3 |  3.0
Summonings     | 1 2 3 |  3.0
Necromancy     | 1 2 3 |  3.0
Translocations | 1 2 3 |  3.0
Transmutations | 1 2 3 |  3.0
Fire Magic     | 1 2 3 |  3.0
Ice Magic      | 1 2 3 |  3.0
Air Magic      | 1 2 3 |  3.0
Earth Magic    | 1 2 3 |  3.0
Poison Magic   | 1 2 3 |  3.0
Fighting       | 3 4 |  4.5
Polearms       | 3 4 |  4.5
Armour         | 3 4 |  4.5
Invocations    | 5 6 |  6.1
Dodging        | 5 |  5.9
Bows           | 7 |  7.5

Action                   |  1- 3 |  4- 6 |  7- 9 || total
-------------------------+-------+-------+-------++-------
Melee: Shortbow          |       |       |     2 ||     2
 Fire: Shortbow          |    80 |   161 |   225 ||   466
  Use: Potion            |       |     5 |     2 ||     7
       Scroll            |       |     4 |     7 ||    11
Armor: Leather armour    |     4 |       |       ||     4
       Ring mail         |     4 |       |       ||     4
       Chain mail        |       |    94 |    65 ||   159
       Steam dragon scal |       |       |    32 ||    32
Dodge: Dodged            |    40 |    53 |    92 ||   185

Table legend: (Time is in decaauts)
 A = Elapsed time spent in this place.
 B = Non-inter-level travel time spent in this place.
 C = Inter-level travel time spent in this place.
 D = Time resting spent in this place.
 E = Time spent auto-exploring this place.
 F = Levels seen in this place.
 G = Mean time per level.
                   A        B        C        D        E       F      G
               +--------+--------+--------+--------+--------+-----+--------+
         Total |   7242 |   7242 |      0 |   1688 |      0 |   7 | 1034.6 |
       Dungeon |   6602 |   6602 |      0 |   1439 |      0 |   6 | 1100.3 |
         Sewer |    639 |    639 |      0 |    249 |      0 |   1 |  639.0 |
               +--------+--------+--------+--------+--------+-----+--------+

Top non-repeatable levels by time:
     D:2: 1448 daAuts
     D:3: 1262 daAuts
     D:5: 1148 daAuts
     D:6: 1038 daAuts
     D:4: 891 daAuts
     D:1: 813 daAuts
   Sewer: 639 daAuts
